 Dungeon Crawl Stone Soup version 0.24-a0-464-g6b2be6b (webtiles) character file.

Game seed: 17103929516865801587

55 Cinemor the Insei (level 3, -1/28 HPs)
             Began as a Gnoll Transmuter on July 3, 2019.
             Was a Follower of Okawaru.
             Slain by a worm (9 damage)
             ... on level 2 of the Dungeon.
             The game lasted 00:11:05 (2378 turns).

Cinemor the Insei (Gnoll Transmuter)                Turns: 2378, Time: 00:11:06

Health: -1/28      AC:  3    Str: 12    XL:     3   Next: 93%
Magic:  9/9        EV: 14    Int: 21    God:    Okawaru [*.....]
Gold:   49         SH:  0    Dex: 15    Spells: 11/12 levels left

rFire    . . .     SeeInvis .   c - +0 whip
rCold    . . .     Gourm    .   (no shield)
rNeg     . . .     Faith    .   k - +0 leather armour
rPois    .         Spirit   .   (no helmet)
rElec    .         Reflect  .   (no cloak)
rCorr    .         Harm     .   (no gloves)
MR       .....                  (no boots)
Stlth    ++........             (no amulet)
HPRegen  0.09/turn              i - +5 ring of intelligence
MPRegen  0.11/turn              (no ring)

@: no status effects
A: distributed training, fangs 1, strong nose
a: Heroism, Renounce Religion


You were on level 2 of the Dungeon.
You worshipped Okawaru.
Okawaru was aware of your devotion.
You were very hungry.

You visited 1 branch of the dungeon, and saw 2 of its levels.

You collected 49 gold pieces.

Inventory:

Hand Weapons
 c - a +0 whip (weapon)
Missiles
 a - 12 arrows
 e - 2 throwing nets (quivered)
Armour
 b - a +0 robe
 g - a +0 robe
 k - a +0 leather armour (worn)
Jewellery
 i - a +5 ring of intelligence (left hand)
Scrolls
 f - a scroll of identify
 l - a scroll of amnesia
Potions
 h - 2 potions of magic
 j - a potion of brilliance {unknown}
Comestibles
 d - 4 rations


   Skills:
 + Level 2.6 Fighting
 + Level 1.0 Short Blades
 + Level 1.0 Long Blades
 + Level 1.0 Axes
 + Level 1.0 Maces & Flails
 + Level 1.0 Polearms
 + Level 1.0 Staves
 + Level 1.0 Slings
 + Level 1.0 Bows
 + Level 1.0 Crossbows
 + Level 1.0 Throwing
 + Level 1.0 Armour
 + Level 4.6 Dodging
 + Level 1.0 Stealth
 + Level 1.0 Shields
 + Level 6.5 Unarmed Combat
 + Level 5.0 Spellcasting
 + Level 0.7 Conjurations
 + Level 0.7 Hexes
 + Level 0.7 Charms
 + Level 0.7 Summonings
 + Level 0.7 Necromancy
 + Level 0.7 Translocations
 + Level 3.8 Transmutations
 + Level 0.7 Fire Magic
 + Level 0.7 Ice Magic
 + Level 0.7 Air Magic
 + Level 0.7 Earth Magic
 + Level 0.7 Poison Magic
 + Level 1.0 Invocations
 + Level 1.0 Evocations


You had 11 spell levels left.
You knew the following spells:

 Your Spells              Type           Power        Failure   Level  Hunger
a - Beastly Appendage     Tmut           ###...       3%          1    None

Your spell library contained the following spells:

 Spells                   Type           Power        Failure   Level  Hunger
 Sticks to Snakes         Tmut           ###.....     4%          2    None
 Spider Form              Tmut/Pois      ##........   16%         3    ##.....
 Ice Form                 Ice/Tmut       ##......     47%         4    ####...
 Blade Hands              Tmut           ###.......   63%         5    #####..


Dungeon Overview and Level Annotations

Branches:
Dungeon (2/15)

Altars:
Okawaru
Qazlal
Ru
Zin


Innate Abilities, Weirdness & Mutations

Your experience applies equally to all skills.
You have very sharp teeth.
Your uncanny sense of smell can sniff out nearby items.


Message History

The worm is moderately wounded.
The worm barely misses you.
You hit the worm.
The worm is heavily wounded.
You hit the worm but do no damage.
The worm is heavily wounded.
The worm barely misses you.
You hit the worm.
The worm is severely wounded.
You hit the worm. You bite the worm, but do no damage.
The worm is almost dead.
The worm misses you.
You hit the worm.
The worm is almost dead.
The worm bites you!
* * * LOW HITPOINT WARNING * * *
You barely miss the worm.
The worm is severely wounded.
The worm bites you!
You die...

. #.# # #.#.# ### .#
#.#.####.########.###
#....................
###.#.............#.######
.....###.#....#.###.......
.........#......# .....$.
###..###.####.#.###......?
..#..#..........@w........
###..#.#^####.##############
.##..#.#...................#
.##..#.######.##...#######.#
.##..#.# ####.##...#.....#.#
.#...#.#......######.....#.#
#<#
...................'.....'.#
#.#
...#.###############..†..###
#.#
.........................###
#.#


You could see a worm.

Vanquished Creatures
  2 adders (D:2)
  An ooze (D:2)
  A worm (D:2)
  A dart slug (D:2)
  A leopard gecko (D:2)
  A bat (D:1)
  3 giant cockroaches
  3 hobgoblins
  4 kobolds
  4 goblins
  6 rats
27 creatures vanquished.

Notes
Turn   | Place    | Note
-------+----------+-------------------------------------------
     0 | D:1      | Cinemor the Gnoll Transmuter began the quest for the Orb.
     0 | D:1      | Reached XP level 1. HP: 17/17 MP: 6/6
   316 | D:1      | Reached XP level 2. HP: 23/23 MP: 7/7
   829 | D:2      | Found a faded altar of an unknown god.
   900 | D:2      | Became a worshipper of Warmaster Okawaru
   900 | D:2      | Reached * piety under Okawaru
  1347 | D:2      | Found a stormy altar of Qazlal.
  1374 | D:2      | Reached skill level 5 in Spellcasting
  1374 | D:2      | Reached XP level 3. HP: 15/28 MP: 7/9
  1589 | D:2      | Found a glowing silver altar of Zin.
  1665 | D:2      | Found a sacrificial altar of Ru.
  1920 | D:2      | Reached skill level 1 in Invocations
  2111 | D:2      | Reached skill level 1 in Short Blades
  2111 | D:2      | Reached skill level 1 in Long Blades
  2111 | D:2      | Reached skill level 1 in Axes
  2111 | D:2      | Reached skill level 1 in Maces & Flails
  2111 | D:2      | Reached skill level 1 in Polearms
  2111 | D:2      | Reached skill level 1 in Staves
  2111 | D:2      | Reached skill level 1 in Slings
  2111 | D:2      | Reached skill level 1 in Bows
  2111 | D:2      | Reached skill level 1 in Crossbows
  2111 | D:2      | Reached skill level 1 in Throwing
  2111 | D:2      | Reached skill level 1 in Armour
  2111 | D:2      | Reached skill level 1 in Stealth
  2111 | D:2      | Reached skill level 1 in Shields
  2111 | D:2      | Reached skill level 1 in Evocations
  2378 | D:2      | Slain by a worm

Levels and vault maps discovered:
D:1:      roderic_crossed_star, layout_basic, serial_forest,
          infiniplex_forest_lined_3, infiniplex_forest_zigzag_1,
          infiniplex_forest_clump_double, infiniplex_forest_clump_C,
          infiniplex_forest_clump_long, infiniplex_forest_pool,
          hangedman_decor_push
D:2:      layout_basic, old_standard_altar, lemuel_doored_altar,
          nicolae_overflow_crystal_walls, chequers_ecumenical_altar_island

Skill      XL: |  1  2  3 |
---------------+----------+-----
Spellcasting   | 5 |  5.0
Invocations    | 1 |  1.0
Short Blades   | 1 |  1.0
Long Blades    | 1 |  1.0
Axes           | 1 |  1.0
Maces & Flails | 1 |  1.0
Polearms       | 1 |  1.0
Staves         | 1 |  1.0
Slings         | 1 |  1.0
Bows           | 1 |  1.0
Crossbows      | 1 |  1.0
Throwing       | 1 |  1.0
Armour         | 1 |  1.0
Stealth        | 1 |  1.0
Shields        | 1 |  1.0
Evocations     | 1 |  1.0
Fighting       | |  2.6
Dodging        | |  4.6
Unarmed Combat | |  6.5
Conjurations   | |  0.7
Hexes          | |  0.7
Charms         | |  0.7
Summonings     | |  0.7
Necromancy     | |  0.7
Translocations | |  0.7
Transmutations | |  3.8
Fire Magic     | |  0.7
Ice Magic      | |  0.7
Air Magic      | |  0.7
Earth Magic    | |  0.7
Poison Magic   | |  0.7

Action                   || total
-------------------------++-------
Melee: Whip              ||   179
       Unarmed           ||     9
       Bite              ||    23
       Punch             ||    12
Invok: Heroism           ||     1
  Use: Scroll            ||     3
 Stab: Sleeping          ||     1
  Eat: Ration            ||     1
Armor: Robe              ||    16
       Leather armour    ||     7
Dodge: Dodged            ||   131

Table legend:
 A = Non-vault XP
 B = Vault XP
 C = Vault XP percentage of total XP
 D = Non-vault monster count
 E = Vault monster count
 F = Vault count percentage of total count
                 A         B        C        D         E       F
            +---------+---------+-------+---------+---------+-------
      Total |      79 |       0 |   0.0 |      27 |       0 |   0.0
            +---------+---------+-------+---------+---------+-------
        D:1 |      22 |       0 |   0.0 |      14 |       0 |   0.0
        D:2 |      57 |       0 |   0.0 |      13 |       0 |   0.0
            +---------+---------+-------+---------+---------+-------
